cohdb
Replays
Latest Replays
All Replays
Popular Replays
Top Player Replays
Match Explorer
How It Works
Community
CoH3 Stats
Reddit
Sign in to upload your games and track your stats! →
Sign in with Steam
Match 39555155
Unlisted
Match 39555155
Overview
Messages
Build Orders
End
Selects Armored Battlegroup
Selects Assault Engineers
Assault Engineer Squad
Assault Engineer Squad
Assault Engineer Squad
.30 cal Machine Gun
Construct Weapon Support Center
Air Support Center
.30 cal Machine Gun
Assault Engineer Squad
Assault Engineer Squad
Construct Motor Pool
Grasshopper Recon Run
Selects Fast Deploy
M8 Greyhound Armored Car
M8 Greyhound Armored Car
Selects Field Repairs
Selects War Machine
M8 Greyhound Armored Car
Assault Engineer Squad
Assault Engineer Squad
Grasshopper Recon Run
Assault Engineer Squad
ZOMBIEGIRL
BONES
Nashorn101
MonikaのPants
0
0
Comments
sign in to comment!
No comments posted yet!